 Dungeon Crawl Stone Soup version 0.30-a0-168-g0b976cbdc4 (webtiles) character file.

Game seed: 17819570337819372136

58 qw the Chopper (level 4, -7/28 HPs)
             Began as a Gargoyle Fighter on Sept 29, 2022.
             Mangled by a gnoll
             ... wielding a +0 halberd
              (9 damage)
             ... on level 2 of the Dungeon.
             The game lasted 00:00:35 (1986 turns).

qw the Chopper (Gargoyle Fighter)                   Turns: 1986, Time: 00:00:35

Health: -7/28      AC: 10    Str: 22    XL:     4   Next: 2%
Magic:  4/4        EV:  9    Int:  8    God:
Gold:   18         SH:  4    Dex:  9    Spells: 3/3 levels left

rFire   + . .      SeeInvis .    Y - +0 war axe
rCold   . . .      Faith    .    c - +0 buckler
rNeg    + . .      Spirit   .    b - +0 scale mail
rPois   inf        Reflect  .    (no helmet)
rElec   +          Harm     .    (no cloak)
rCorr   .          Rampage  .    (no gloves)
Will    .....                    (no boots)
Stlth   ..........               (no amulet)
HPRegen 0.09/turn                i - ring of protection from fire
MPRegen 0.09/turn                (no ring)

@: no status effects
A: sickness immunity, AC +3, negative energy resistance 1, electricity
resistance, torment resistance 1, petrification resistance
a: no special abilities


You were on level 2 of the Dungeon.
You visited 1 branch of the dungeon, and saw 2 of its levels.

You collected 18 gold pieces.


Innate Abilities, Weirdness & Mutations

You are immune to sickness and miasma.
Your stone body is resilient. (AC +3)
You are immune to poison.
You resist negative energy. (rN+)
You are resistant to electric shocks. (rElec)
You are resistant to unholy torment.
You are immune to petrification.


   Skills:
 - Level 3.2 Fighting
 + Level 3.8 Axes
 - Level 3.2 Armour
 - Level 3.2 Shields


You had 3 spell levels left.
You didn't know any spells.
Your spell library was empty.

Inventory:

Hand Weapons
 e - a +0 mace
 Y - a +0 war axe (weapon)
Armour
 b - a +0 scale mail (worn)
 c - a +0 buckler (worn)
Jewellery
 a - a ring of positive energy
 i - a ring of protection from fire (left hand)
Scrolls
 f - a scroll of silence {unknown}
Potions
 d - 2 potions of might
 g - a potion of lignification {unknown}
 h - a potion of brilliance {unknown}
 j - a potion of invisibility {unknown}

Dungeon Overview and Level Annotations

Branches:
Dungeon (2/15)

Altars:


Message History

A goblin comes into view. It is wielding a +0 dagger.
Enter note: You slash the goblin!
You kill the goblin!
Found an escape hatch in the ceiling.
f - a scroll labelled GIVERCH OPHUAPS
There is an escape hatch in the ceiling here.
Found a stone staircase leading down.
A gnoll comes into view. It is wielding a +0 flail.
Found 9 gold pieces.
The gnoll shouts!
A gnoll comes into view. It is wielding a +0 club.
Enter note: The gnoll shouts!
A gnoll comes into view. It is wielding a +0 halberd.
You hit the gnoll.
The gnoll is moderately wounded.
The gnoll completely misses you.
You barely miss the gnoll. The gnoll closely misses you.
You hit the gnoll.
The gnoll is moderately wounded.
You block the gnoll's attack.
The gnoll hits you from afar with a +0 halberd.
You slash the gnoll!
The gnoll is almost dead.
You hit the gnoll. The gnoll hits you with a +0 flail.
The gnoll hits you with a +0 club. The gnoll closely misses you.
You slash the gnoll!
You kill the gnoll!
You barely miss the gnoll. The gnoll closely misses you.
You have reached level 4!
You feel stronger.
You hit the gnoll but do no damage.
The gnoll is heavily wounded.
The gnoll hits you from afar with a +0 halberd!
The gnoll hits you with a +0 flail. The gnoll hits you but does no damage.
The gnoll hits you from afar with a +0 halberd!
You die...

#.....>....# ######
#..........####
.....#####..............
.......<...............#
.....###.##....#........
##).####.#..###.........
..............#.....~~~~
#....##...###......}~~~~
..#.##...## ###.@...~~~~
###.....## #.g.......
#..#.. #...g.....
....#... ..........
.##... . .#.........
.##.#.# ###.........
.... ........$. ##..
#......... ...


You could see 2 gnolls.

Vanquished Creatures
  A gnoll (D:2)
  An adder (D:2)
  A dart slug (D:1)
  A bat (D:1)
  5 endoplasms
  A giant cockroach (D:1)
  6 goblins
  5 hobgoblins
  4 jackals (D:1)
  6 kobolds (D:1)
  2 frilled lizards (D:1)
  A rat (D:1)
34 creatures vanquished.

Notes
Turn   | Place    | Note
-------+----------+-------------------------------------------
     0 | D:1      | qw the Gargoyle Fighter began the quest for the Orb.
     0 | D:1      | Reached XP level 1. HP: 14/14 MP: 1/1
     0 | D:1      | 0 ||| qw: Version: 0.2-a-12-gaebbb33
     0 | D:1      | 0 ||| qw: Game counter: 1238
     0 | D:1      | 0 ||| qw: Always use a shield: true
     0 | D:1      | 0 ||| qw: God list: Okawaru
     0 | D:1      | 0 ||| qw: Allow faded altars: false
     0 | D:1      | 0 ||| qw: Do Orc after D:15 true
     0 | D:1      | 0 ||| qw: Do second Lair branch before Depths: true
     0 | D:1      | 0 ||| qw: Lair rune preference: random
     0 | D:1      | 0 ||| qw: Plans: Normal, Zot:1-4, God:TSO, Crypt, Tomb,
                  | Pan, Slime:5, Hells, Abyss, Orb
     0 | D:1      | 0 ||| PLANNING D:1-11
   338 | D:1      | 338 ||| Stepping ~*~*~tactically~*~*~ (stealth).
   348 | D:1      | Reached XP level 2. HP: 16/19 MP: 2/2
   715 | D:1      | Found a faded altar of an unknown god.
   811 | D:1      | Reached skill level 3 in Axes
   861 | D:1      | Reached XP level 3. HP: 21/23 MP: 3/3
  1778 | D:1      | 1778 ||| UPGRADING to ring of protection from fire.
  1779 | D:1      | 1779 ||| READING scroll labelled FIPEICOARPH.
  1784 | D:1      | 1784 ||| READING scroll labelled LOSUUS CARI.
  1841 | D:2      | 1841 ||| Stepping ~*~*~tactically~*~*~ (stealth).
  1842 | D:2      | 1842 ||| Stepping ~*~*~tactically~*~*~ (stealth).
  1986 | D:2      | Reached XP level 4. HP: 16/28 MP: 4/4
  1986 | D:2      | HP: 2/28 [gnoll/+0 flail (6)]
  1986 | D:2      | Mangled by a gnoll

Levels and vault maps discovered:
D:1:      dpeg_arrival_morbid_curiosity, layout_basic,
          shapermc_ecumenical_altar_pompeii
D:2:      layout_rooms, minmay_misc_feat_iff, serial_park_tiny_pond

Skill      XL: |  1  2 |
---------------+-------+-----
Axes           | 2 3 |  3.8
Fighting       | |  3.2
Armour         | |  3.2
Shields        | |  3.2

Action                   |  1- 3 |  4- 6 || total
-------------------------+-------+-------++-------
Melee: War axe           |   123 |     1 ||   124
  Use: Scroll            |     2 |       ||     2
Armor: Scale mail        |    62 |     1 ||    63
Dodge: Dodged            |    49 |       ||    49
Block: Buckler           |    23 |       ||    23

Table legend:
 A = Non-vault XP
 B = Vault XP
 C = Vault XP percentage of total XP
 D = Non-vault monster count
 E = Vault monster count
 F = Vault count percentage of total count
                 A         B        C        D         E       F
            +---------+---------+-------+---------+---------+-------
      Total |      75 |       9 |  10.7 |      29 |       5 |  14.7
            +---------+---------+-------+---------+---------+-------
        D:1 |      40 |       9 |  18.4 |      23 |       5 |  17.9
        D:2 |      35 |       0 |   0.0 |       6 |       0 |   0.0
            +---------+---------+-------+---------+---------+-------
